 Dungeon Crawl Stone Soup version 0.18.1-50-g88ac8fd (webtiles) character file.

844 Monkfish the Covert (level 8, -2/50 HPs)
             Began as a Kobold Berserker on Oct 24, 2016.
             Was a Priest of Trog.
             Slain by a sky beast (5 damage)
             ... on level 5 of the Dungeon.
             The game lasted 00:08:40 (3442 turns).

Monkfish the Covert (Kobold Berserker)              Turns: 3442, Time: 00:08:41

Health: -2/50      AC:  4    Str: 15    XL:     8   Next: 20%
Magic:  8/8        EV: 15    Int:  5    God:    Trog [***...]
Gold:   146        SH:  0    Dex: 18    Spells: 0 memorised, 7 levels left

rFire  . . .     SeeInvis .     a - +1 short sword
rCold  . . .     Gourm    .     j - +0 leather armour
rNeg   . . .     Faith    .     (shield restricted)
rPois  .         Spirit   .     (no helmet)
rElec  .         Dismiss  .     (no cloak)
rCorr  .         Reflect  .     (no gloves)
SustAt .         Harm     .     n - +0 pair of boots
MR     .....                    (no amulet)
Stlth  ++++......               (no ring)
                                (no ring)

@: flying, very slightly contaminated, hasted (expiring), very quick, not
resistant to hostile enchantments, stealthy
A: carnivore 3
a: Berserk, Trog's Hand, Burn Spellbooks, Renounce Religion


You were on level 5 of the Dungeon.
You worshipped Trog.
Trog was most pleased with you.
You were not hungry.

You visited 1 branch of the dungeon, and saw 7 of its levels.

You collected 146 gold pieces.

Inventory:

Hand Weapons
 a - a +1 short sword (weapon)
Armour
 j - a +0 leather armour (worn)
 n - a +0 pair of boots (worn)
 t - a +0 buckler
Wands
 b - a wand of iceblast (7/15)
 d - a wand of disintegration (10/24)
 g - a wand of flame (23/48)
Scrolls
 e - a scroll of enchant weapon
 i - 2 scrolls of remove curse
 k - 2 scrolls of fog
 l - a scroll of random uselessness {unknown}
 m - a scroll of noise {unknown}
 q - a scroll of identify
 r - a scroll of acquirement {unknown}
Potions
 f - a potion of agility
Comestibles
 c - 2 meat rations
 h - a royal jelly
 o - a beef jerky


   Skills:
 + Level 5.5 Fighting
 + Level 7.6 Short Blades
 - Level 1.5 Armour
 - Level 2.4 Dodging
 * Level 8.0 Stealth
 + Level 0.8 Evocations


You had 7 spell levels left.
You didn't know any spells.

Dungeon Overview and Level Annotations

Branches:
Dungeon (7/15)
 Temple: D:4-7

Altars:
Elyvilon
Nemelex Xobeh
Trog
Vehumet

Annotations:
D:6 Dowan


Innate Abilities, Weirdness & Mutations

You are small and have problems with some larger weapons.
You are carnivorous and can eat meat at any time.


Message History

Drink which item? (? for menu, Esc to quit)
Okay, then.
You fly upwards.
Something hits you.
* * * LOW HITPOINT WARNING * * *
Something shocks you.
* * * LOW HITPOINT WARNING * * *
There is a stone staircase leading down here.
Read which item? (? for menu, Esc to quit)
Okay, then.
You feel less exhausted.
The phantom blinks!
You reach down and open the door.
There is an open door here.
Something is blocking the doorway!
Something is blocking the doorway!
Something hits you but does no damage.
Your extra speed is starting to run out.
You reach down and open the door.
Something hits you.
* * * LOW HITPOINT WARNING * * *
Something shocks you.
You die...

########
.......#######
.......'@....#
.......#.....#
......###'###
##'#........#
.........#..#........#
.........#....>......#
.........#......W....#
...Y... #..###.###..#
..... #..#.....#..#


There were no monsters in sight!

Vanquished Creatures
  Sigmund (D:2)
  Duvessa (D:6)
  An ice beast (D:7)
  3 ogres
  A scorpion (D:5)
  A giant frog skeleton (D:5)
  Ijyb (D:2)
  A worker ant (D:5)
  Robin (D:2)
  3 adders
  An ooze (D:1)
  2 worms (D:2)
  A dart slug (D:1)
  2 orcs
  8 bats
  3 giant cockroaches (D:1)
  14 goblins
  7 hobgoblins
  2 quokkas (D:5)
  2 giant newts
  11 kobolds
  9 rats
76 creatures vanquished.

Notes
Turn   | Place    | Note
--------------------------------------------------------------
     0 | D:1      | Monkfish the Kobold Berserker began the quest for the Orb.
     0 | D:1      | Reached XP level 1. HP: 14/14 MP: 1/1
   194 | D:1      | Reached skill level 1 in Stealth
   270 | D:1      | Reached XP level 2. HP: 13/19 MP: 2/2
   716 | D:1      | Reached XP level 3. HP: 24/24 MP: 3/3
  1301 | D:2      | Reached skill level 2 in Stealth
  1333 | D:2      | Reached ** piety under Trog
  1341 | D:2      | Noticed Ijyb
  1352 | D:2      | Killed Ijyb
  1352 | D:2      | Reached skill level 5 in Short Blades
  1352 | D:2      | Reached XP level 4. HP: 4/29 MP: 4/4
  1730 | D:2      | Found a sparkling altar of Nemelex Xobeh.
  1753 | D:2      | Noticed Sigmund
  1762 | D:2      | Killed Sigmund
  1762 | D:2      | Reached skill level 4 in Stealth
  1762 | D:2      | Reached XP level 5. HP: 32/34 MP: 5/5
  1762 | D:2      | Reached XP level 6. HP: 37/39 MP: 6/6
  1879 | D:2      | Found a white marble altar of Elyvilon.
  1879 | D:2      | Found a radiant altar of Vehumet.
  1879 | D:2      | Noticed Robin
  1898 | D:2      | Killed Robin
  2723 | D:4      | Noticed an ogre
  2740 | D:4      | Killed an ogre
  2740 | D:4      | Reached skill level 5 in Fighting
  2740 | D:4      | Reached skill level 5 in Stealth
  2740 | D:4      | Reached XP level 7. HP: 44/44 MP: 7/7
  2834 | D:4      | You fall through a shaft for 3 floors!
  2854 | D:6      | Noticed Dowan
  2856 | D:6      | Noticed Duvessa
  2873 | D:6      | Killed Duvessa
  2873 | D:6      | Reached skill level 6 in Stealth
  2874 | D:6      | Reached *** piety under Trog
  2874 | D:6      | Reached skill level 7 in Stealth
  2877 | D:5      | Entered Level 5 of the Dungeon
  3051 | D:5      | Reached XP level 8. HP: 42/50 MP: 8/8
  3390 | D:5      | Reached skill level 8 in Stealth
  3429 | D:6      | Found a bloodstained altar of Trog.
  3442 | D:5      | Slain by a sky beast

Skill      XL: |  1  2  3  4  5  6  7  8 |
---------------+-------------------------+-----
Stealth        | 1 2 4 5 7 8 |  8.0
Fighting       | 4 5 |  5.5
Short Blades   | 5 6 7 |  7.6
Armour         | |  1.5
Dodging        | |  2.4
Evocations     | |  0.8

Action                   |  1- 3 |  4- 6 |  7- 9 || total
-------------------------+-------+-------+-------++-------
Melee: Short sword       |    98 |    72 |    34 ||   204
Invok: Berserk           |     3 |     4 |     3 ||    10
       Trog's Hand       |       |     1 |       ||     1
Evoke: Wand              |     2 |       |       ||     2
  Use: Scroll            |     5 |     4 |     1 ||    10
       Potion            |     4 |     1 |     2 ||     7
 Stab: Sleeping          |     3 |     2 |     4 ||     9
  Eat: Chunk             |    11 |     8 |       ||    19
Armor: Animal skin       |    14 |     2 |       ||    16
       Leather armour    |       |     7 |     3 ||    10
Dodge: Dodged            |    63 |    39 |    19 ||   121
